cohdb
Replays
Latest Replays
All Replays
Popular Replays
Top Player Replays
Match Explorer
How It Works
Community
CoH3 Stats
Reddit
Sign in to upload your games and track your stats! →
Sign in with Steam
Match 39951572
Unlisted
Match 39951572
Overview
Messages
Build Orders
End
Kettenkrad Recon Vehicle
Construct Infanterie Kompanie
Grenadier Squad
Grenadier Squad
MG 42 Machine Gun Team
Construct Luftwaffe Kompanie
Jäger Squad
Support Elements
Jäger Squad
Wirbelwind Flakpanzer
MG 42 Machine Gun Team
Selects Breakthrough Battlegroup
Selects Assault Grenadiers
Jäger Squad
Selects Breakthrough
Selects Rapid Production
Selects Blitzkrieg
Selects Rapid Production
Selects Blitzkrieg
Marder III M Tank Destroyer
Jäger Squad
Selects Panzer IV Command Tank Sd.Kfz. 161/1
Pioneer Squad
Panzer IV Command Tank
Selects Smoke Bombing Run
Selects Incendiary Bombing Run
jer.butler
Genki
0
0
Comments
sign in to comment!
No comments posted yet!